Map: Golden Wall LE

Players

BlyOnFire (Bly)

  • Race: Zerg Zerg
  • Spawn Location: 7:00

Dream - Winner!

  • Race: Terran Terran
  • Spawn Location: 5:00

Event: StayAtHomestory Cup #1

VOD

Have the link to the VOD?

Description

Time

  • Played on: April 10, 2020, 10:59 a.m.
  • Length: 9:22

All games in this series

Show
View Real Time Build Order
Export as new Build Order

BlyOnFire Zerg 

Build Orders: Hatch First, Roach Nydus 

Get SALT Encoding   

  12  0:02  Drone  
  13  0:15  Overlord  
  13  0:18  Drone  
  14  0:33  Drone x2  
  16  0:48  Drone x2  
  18  0:56  Hatchery  
  17  1:02  Extractor  
  16  1:11  Spawning Pool  
  16  1:14  Drone  
  17  1:18  Drone  
  17  1:21  Drone  
  18  1:30  Drone  
  19  1:44  Overlord  
  19  1:58  Queen  
  19  2:00  Zergling x2  
  22  2:07  Metabolic Boost  
  22  2:08  Queen  
  22  2:09  Zergling x2  
  25  2:16  Drone x2  
  27  2:23  Drone  
  27  2:28  Extractor  
  27  2:37  Hatchery  
  27  2:41  Drone  
  27  2:43  Drone  
  29  2:51  Drone x3  
  32  3:00  Queen  
  32  3:02  Drone  
  35  3:06  Overlord  
  35  3:17  Drone  
  36  3:25  Lair  
  36  3:30  Overlord  
  36  3:36  Drone x3  
  36  3:37  Drone x3  
  36  3:40  Zergling x4  
  44  3:45  Overlord  
  44  3:51  Drone  
  44  3:54  Queen  
  47  3:56  Extractor  
  46  4:02  Roach Warren  
  46  4:04  Drone  
  46  4:05  Spore Crawler  
  45  4:11  Drone x3  
  45  4:13  Extractor  
  48  4:23  Zergling x4  
  50  4:24  Nydus Network  
  46  4:44  Roach x6  
  46  4:45  Roach  
  60  4:52  Overlord  
  60  4:53  Zergling x10  
  60  4:56  Overlord  
  65  5:01  Nydus Canal  
  65  5:06  Overlord  
  65  5:13  Overlord  
  65  5:17  Nydus Canal  
  63  5:21  Overlord  
  63  5:22  Overseer  
  58  5:30  Drone x4  
  58  5:33  Drone  
  58  5:44  Nydus Canal  
  53  5:54  Roach x3  
  53  5:55  Roach  
  52  5:59  Overseer  
  48  6:04  Roach  
  48  6:05  Roach  
  48  6:08  Overseer  
  50  6:13  Overseer  
  50  6:14  Roach x2  
  52  6:21  Nydus Canal  
  52  6:27  Roach  
  52  6:28  Roach x2  
  58  6:33  Overseer  
  58  6:37  Roach x2  
  60  6:44  Nydus Canal  
  60  6:50  Roach x3  
  53  7:01  Drone x4  
  53  7:08  Drone  
  39  7:16  Drone  
  40  7:26  Ravager x2  
  40  7:27  Ravager  
  43  7:31  Drone  
  43  7:32  Drone  
  41  7:43  Drone x3  
  36  7:46  Drone  
  36  7:50  Nydus Canal  
  37  7:58  Queen  
  37  8:03  Queen  
  41  8:07  Nydus Canal  
  41  8:13  Overseer  
  41  8:15  Drone x4  
  41  8:18  Drone  
  46  8:21  Drone  
  46  8:22  Drone  
  48  8:27  Overseer  
  48  8:29  Queen  
  48  8:31  Drone  
  51  8:34  Drone  
  52  8:44  Drone x5  
  57  9:01  Spore Crawler  
  57  9:02  Drone x2  
  60  9:04  Spore Crawler  
  60  9:06  Spore Crawler  
Show
View Real Time Build Order
Export as new Build Order

Dream Terran - Winner!

Build Orders: Reaper Expand, Hellion Banshee 

Get SALT Encoding   

  12  0:00  SCV  
  13  0:13  SCV  
  14  0:17  Supply Depot  
  14  0:25  SCV  
  15  0:39  SCV, Barracks  
  16  0:44  Refinery  
  16  0:51  SCV  
  17  1:03  SCV  
  18  1:15  SCV  
  19  1:26  Reaper  
  19  1:28  Orbital Command  
  20  1:42  Command Center  
  20  1:52  Supply Depot  
  20  1:53  SCV  
  21  1:58  Marine  
  22  2:05  SCV  
  23  2:11  Factory  
  23  2:17  SCV  
  23  2:21  Refinery  
  24  2:25  Barracks Reactor  
  24  2:29  SCV  
  24  2:42  SCV  
  25  2:54  SCV, Orbital Command  
  25  2:58  Starport  
  30  3:05  Hellion x2  
  30  3:06  SCV  
  30  3:09  Barracks Tech Lab  
  31  3:18  SCV  
  32  3:23  SCV  
  32  3:27  Hellion x2  
  37  3:30  SCV  
  38  3:36  SCV  
  38  3:41  Banshee  
  39  3:42  Cloaking Field, SCV  
  39  3:44  Supply Depot  
  43  3:49  SCV  
  43  3:52  Hellion  
  46  4:02  Supply Depot  
  46  4:06  SCV x2, Hellion  
  50  4:18  SCV  
  50  4:19  SCV  
  50  4:20  Command Center  
  52  4:24  Banshee  
  52  4:30  SCV  
  52  4:31  SCV  
  57  4:34  Barracks Tech Lab  
  57  4:37  Supply Depot  
  57  4:42  SCV  
  58  4:46  Barracks  
  58  4:49  Barracks  
  58  4:50  Factory Reactor  
  58  4:52  SCV  
  59  4:54  Marine, SCV  
  61  5:04  SCV  
  61  5:06  SCV  
  63  5:07  Banshee  
  63  5:11  Bunker  
  66  5:15  Marine  
  63  5:33  Marine, Orbital Command  
  62  5:38  Marine, Hellion x2  
  62  5:45  Marine x2  
  62  5:49  SCV x2  
  57  5:53  Banshee  
  52  5:58  Marine  
  52  6:03  SCV  
  48  6:09  SCV, Marine x2  
  48  6:11  Marine  
  50  6:13  Widow Mine x2  
  50  6:17  SCV x2  
  55  6:21  SCV  
  56  6:29  SCV x2  
  56  6:31  Marine  
  56  6:32  Marine  
  60  6:35  Marine x2  
  60  6:37  SCV  
  61  6:48  SCV  
  61  6:49  Marine x2  
  61  6:50  SCV  
  61  6:53  Marine  
  61  6:54  Marine  
  65  6:57  SCV  
  66  7:07  Marine x2  
  51  7:10  SCV x2  
  51  7:11  Marine x2  
  47  7:22  Banshee  
  50  7:23  SCV  
  50  7:25  Marine  
  52  7:31  Refinery  
  52  7:35  SCV  
  52  7:36  SCV  
  52  7:37  Marine x2  
  53  7:40  Marine  
  53  7:43  SCV, Marine  
  51  7:49  SCV x2  
  52  7:54  Marine  
  52  7:55  SCV, Marine  
  52  7:58  Marine  
  55  8:00  Marine  
  55  8:03  SCV  
  58  8:06  Supply Depot  
  58  8:12  Marine, SCV  
  59  8:13  SCV  
  59  8:16  SCV, Marine  
  59  8:18  Marine, Refinery  
  64  8:22  Marine  
  64  8:25  SCV x2  
  67  8:28  SCV  
  67  8:33  Starport Reactor  
  68  8:37  SCV x2  
  68  8:38  Refinery  
  68  8:40  SCV, Factory Tech Lab  
  71  8:43  Marine x5  
  76  8:49  SCV x2  
  76  8:52  SCV  
  79  8:56  Supply Depot  
  79  9:01  Marine x2, SCV x2  
  86  9:02  Marine  
  86  9:04  SCV  
Tags
 
Add a new tag
Caveats
  • Supply blocks, unpowered buildings, or Contaminate may cause inaccurate times.
  • Supply counts are checked every 10 seconds.